Map: Persephone LE

Players

Fairespiter - Winner!

  • Race: Protoss Protoss
  • League: Master
  • Spawn Location: 7:00

VOD

Have the link to the VOD?

Description

Time

  • Played on: Aug. 2, 2025, 12:30 p.m.
  • Length: 9:17
Show
View Real Time Build Order
Export as new Build Order

Fairespiter Protoss - Winner!

Build Orders: Phoenix Opening 

Get SALT Encoding   

  12  0:01  Probe  
  12  0:14  Probe  
  12  0:19  Pylon  
  12  0:25  Probe  
  12  0:33  Probe  
  12  0:38  Gateway  
  12  0:41  Probe  
  12  0:47  Assimilator  
  12  0:52  Probe  
  12  0:55  Assimilator  
  12  1:00  Probe  
  12  1:09  Gateway  
  12  1:10  Probe  
  12  1:21  Probe  
  12  1:26  Cybernetics Core  
  12  1:33  Probe  
  12  1:37  Pylon  
  12  1:45  Probe  
  12  1:59  Stalker, Probe  
  12  2:02  Sentry  
  12  2:03  Warp Gate  
  12  2:17  Pylon  
  12  2:24  Pylon  
  12  2:38  Probe  
  12  2:40  Nexus  
  12  2:45  Sentry x2  
  12  2:46  Probe  
  12  2:49  Phoenix  
  12  2:53  Shield Battery  
  12  3:06  Probe  
  12  3:07  Pylon  
  12  3:15  Probe  
  12  3:23  Probe  
  12  3:32  Probe  
  12  3:45  Probe  
  12  3:48  Twilight Council  
  12  3:51  Probe  
  12  3:57  Probe  
  12  3:59  Probe  
  12  4:00  Nexus  
  12  4:02  Pylon  
  12  4:09  Probe  
  12  4:11  Forge  
  12  4:13  Protoss Ground Weapons Level 1, Probe  
  12  4:19  Stalker  
  12  4:24  Stalker, Blink  
  12  4:27  Probe  
  12  4:28  Probe  
  12  4:39  Probe  
  12  4:40  Probe  
  12  4:42  Stalker  
  12  4:50  Stalker  
  12  4:52  Probe  
  12  4:54  Probe  
  12  5:00  Assimilator  
  12  5:04  Probe  
  12  5:06  Stalker, Probe  
  12  5:09  Pylon  
  12  5:14  Stalker, Probe  
  12  5:17  Probe  
  12  5:19  Probe  
  12  5:30  Probe x2  
  12  5:32  Stalker  
  12  5:38  Robotics Facility  
  12  5:39  Protoss Ground Weapons Level 2, Probe  
  12  5:42  Probe  
  12  5:43  Stalker  
  12  5:45  Probe  
  12  5:51  Probe  
  12  5:54  Probe  
  12  5:56  Stalker, Shield Battery  
  12  5:57  Probe  
  12  6:03  Probe  
  12  6:07  Probe  
  12  6:08  Pylon  
  12  6:09  Probe, Gateway  
  12  6:11  Stalker, Gateway  
  12  6:15  Gateway  
  12  6:16  Probe  
  12  6:23  Probe  
  12  6:28  Charge  
  12  6:32  Nexus  
  12  6:33  Pylon  
  12  6:34  Observer  
  12  6:40  Zealot  
  12  6:41  Zealot  
  12  6:45  Gateway  
  12  6:47  Gateway  
  12  6:53  Pylon  
  12  6:56  Gateway  
  12  7:01  Gateway x2  
  12  7:02  Probe x3  
  12  7:10  Shield Battery  
  12  7:14  Photon Cannon  
  12  7:15  Zealot x3  
  12  7:19  Zealot  
  12  7:20  Pylon  
  12  7:22  Probe x3  
  12  7:26  Warp Prism  
  12  7:33  Pylon  
  12  7:34  Probe x3  
  12  7:35  Pylon  
  12  7:44  Probe  
  12  7:45  Zealot x4  
  12  7:56  Zealot x6  
  12  8:00  Probe  
  12  8:01  Probe  
  12  8:09  Zealot  
  12  8:10  Zealot x3  
  12  8:26  Stalker x4, Pylon  
  12  8:27  Stalker x2, Pylon x2  
  12  8:30  Pylon  
  12  8:31  Templar Archives  
  12  8:43  Nexus  
  12  8:51  Zealot x4  
  12  8:52  Zealot x4  
  12  9:00  Pylon  
  12  9:07  High Templar x2  
Tags
 
Add a new tag
Caveats
  • Supply blocks, unpowered buildings, or Contaminate may cause inaccurate times.
  • Supply counts are checked every 10 seconds.